 Dungeon Crawl Stone Soup version 0.27-a0-681-g0c81a3c1c3 (webtiles) character file.

Game seed: 12681421419501656853

4533 Anon1729 the Blocker (level 10, -4/80 HPs)
             Began as a Formicid Fighter on Mar 19, 2021.
             Was an Elder of Cheibriados.
             Slain by a two-headed ogre
             ... wielding a +0 giant club
              (15 damage)
             ... on level 10 of the Dungeon.
             The game lasted 00:09:21 (9570 turns).

Anon1729 the Blocker (Formicid Fighter)             Turns: 9570, Time: 00:09:22

Health: -4/80      AC: 13    Str: 33    XL:     10   Next: 66%
Magic:  15/15      EV: 10    Int: 19    God:    Cheibriados [****..]
Gold:   239        SH: 14    Dex: 20    Spells: 9/9 levels left

rFire    + + .     SeeInvis +   M - +0 broad axe (flame)
rCold    . . .     Faith    .   f - +2 buckler
rNeg     . . .     Spirit   .   i - +1 ring mail {rF+}
rPois    .         Reflect  +   (helmet unavailable)
rElec    .         Harm     .   k - +0 cloak
rCorr    .         Rampage  .   (no gloves)
Will     ++...                  (no boots)
Stlth    +.........             g - amulet of reflection
HPRegen  0.23/turn              n - ring of protection from fire
MPRegen  0.14/turn              J - ring "Dahen" {Will+ AC+4}

@: very slow
A: permanent stasis, dig shafts and tunnels, antennae 3, four strong arms
a: Dig, Shaft Self, Renounce Religion, Bend Time, Temporal Distortion, Slouch


You were on level 10 of the Dungeon.
You worshipped Cheibriados.
Cheibriados was greatly pleased with you.
You visited 1 branch of the dungeon, and saw 8 of its levels.

You collected 347 gold pieces.
You spent 108 gold pieces at shops.

Inventory:

Hand Weapons
 a - a +0 war axe
 K - a +0 battleaxe
 M - a +0 broad axe of flaming (weapon)
 Q - a +1 vampiric war axe
Missiles
 I - 93 arrows
Armour
 b - a +0 scale mail
 c - a +0 kite shield
 f - a +2 buckler (worn)
 i - a +1 ring mail of fire resistance (worn)
 k - a +0 cloak (worn)
Jewellery
 g - an amulet of reflection (around neck)
 n - a ring of protection from fire (right hand)
 s - a ring of fire
 w - an amulet of magic regeneration
 A - a +4 ring of evasion
 J - the ring "Dahen" (left hand) {Will+ AC+4}
   (You found it on level 5 of the Dungeon)

   [ring of protection]

   It affects your AC (+4).
   It affects your willpower, your defense against some magical effects.
 O - a ring of wizardry
Wands
 t - a wand of paralysis (24)
 F - a wand of iceblast (6)
 G - a wand of digging (18)
 R - a wand of acid (6)
Scrolls
 e - 3 scrolls of immolation
 h - 4 scrolls of holy word {unknown}
 l - a scroll of fear {unknown}
 o - 4 scrolls of identify {unknown}
 p - 4 scrolls of blinking {unknown}
 q - 2 scrolls of enchant weapon {unknown}
 r - a scroll of silence {unknown}
 v - 2 scrolls of noise {unknown}
 y - a scroll of amnesia {unknown}
 z - 2 scrolls of fog {unknown}
 E - a scroll of random uselessness {unknown}
 P - 2 scrolls of teleportation {unknown}
Potions
 d - a potion of might
 j - a potion of invisibility {unknown}
 m - 3 potions of haste
 u - 5 potions of heal wounds {unknown}
 x - a potion of ambrosia {unknown}
 B - 2 potions of flight {unknown}
 C - a potion of attraction {unknown}
 D - 3 potions of curing {unknown}
 H - a potion of brilliance {unknown}
 L - a potion of resistance {unknown}
 N - a potion of magic {unknown}


   Skills:
 + Level 8.2 Fighting
 + Level 7.1 Axes
 + Level 8.2 Armour
 + Level 9.1 Shields
 + Level 6.9 Invocations


You had 9 spell levels left.
You didn't know any spells.
Your spell library contained the following spells:

 Spells                   Type           Power      Damage    Failure   Level
 Corona                   Hex            0%         N/A       26%         1
 Shock                    Conj/Air       0%         1d3       26%         1
 Ensorcelled Hibernation  Hex/Ice        0%         N/A       38%         2
 Confusing Touch          Hex            0%         N/A       63%         3
 Dazzling Flash           Conj/Hex       0%         N/A       63%         3
 Static Discharge         Conj/Air       0%         N/A       63%         3
 Tukima's Dance           Hex            0%         N/A       63%         3
 Airstrike                Air            0%         N/A       95%         4
 Lightning Bolt           Conj/Air       0%         1d11      100%        5
 Swiftness                Air            Unusable   N/A       N/A         2

Dungeon Overview and Level Annotations

Branches:
Dungeon (7/15)             Temple (0/1) D:6

Altars:
Cheibriados
Elyvilon
Trog
Vehumet
The Shining One

Shops:
D:2 *

Annotations:
D:6 1 runed translucent door, Lanoc's ghost, amateur DDDe


Innate Abilities, Weirdness & Mutations

You cannot be hasted, slowed, berserked, paralysed or teleported.
You can dig through walls and to a lower floor.
You have a pair of large antennae on your head. (SInv)
Your four strong arms can wield two-handed weapons with a shield.


Message History

A two-headed ogre comes into view. It is wielding two +0 giant clubs.
The two-headed ogre shouts in stereo!
The two-headed ogre moves out of view.
A two-headed ogre is nearby!
A two-headed ogre is nearby!
A two-headed ogre is nearby!
Okay, then.
You slice the two-headed ogre!! You burn the two-headed ogre.
The two-headed ogre is heavily wounded.
You block the two-headed ogre's attack.
The two-headed ogre hits you with a +0 giant club!
You hit the two-headed ogre. You burn the two-headed ogre.
The two-headed ogre is heavily wounded.
The two-headed ogre barely misses you. You block the two-headed ogre's attack.
You slice the two-headed ogre!! You burn the two-headed ogre.
The two-headed ogre is almost dead.
The two-headed ogre hits you with a +0 giant club!
The two-headed ogre hits you but does no damage.
You block the two-headed ogre's attack. The two-headed ogre barely misses you.
You hit the two-headed ogre but do no damage.
The two-headed ogre is almost dead.
You block the two-headed ogre's attack.
The two-headed ogre hits you with a +0 giant club!
You are too injured to fight recklessly!
You are too injured to fight recklessly!
You are too injured to fight recklessly!
You barely miss the two-headed ogre.
The two-headed ogre is almost dead.
You block the two-headed ogre's attack. x2
You barely miss the two-headed ogre.
The two-headed ogre is almost dead.
The two-headed ogre hits you but does no damage.
The two-headed ogre hits you with a +0 giant club!!
* * * LOW HITPOINT WARNING * * *
The two-headed ogre hits you but does no damage.
The two-headed ogre completely misses you.
You barely miss the two-headed ogre.
The two-headed ogre is almost dead.
The two-headed ogre hits you with a +0 giant club!
You die...

#.................
#.................
#.................
#.................
#........#########
#.............#...
#.............#...
#...<....######...
#@.......#....####
#O.......#........
...............#........
...............#........
###...##########....####
#.... #.......) #....
#........ #... #........
#### #########


You could see a two-headed ogre.

Vanquished Creatures
  A two-headed ogre (D:10)
  Maggie (D:6)
  A troll (D:10)
  6 yaks (D:10)
  Menkaure (D:7)
  A sky beast (D:6)
  2 orc warriors (D:6)
  An ice beast (D:7)
  2 ogres
  A centaur (D:5)
  A phantom (D:5)
  6 bullfrogs
  A scorpion (D:6)
  3 wights (D:7)
  A bullfrog zombie (D:6)
  3 hounds
  A jelly (D:5)
  4 orc priests
  2 bullfrog skeletons
  Jessica (D:2)
  3 iguanas
  13 orc wizards
  4 worker ants
  A hound zombie (D:6)
  A hound skeleton (D:10)
  A worker ant zombie (D:7)
  4 gnolls
  A howler monkey skeleton (D:4)
  13 adders
  4 shadow imps
  An adder skeleton (D:4)
  7 worms
  3 dart slugs
  3 leopard geckos
  29 orcs
  4 giant cockroaches
  8 goblins
  7 hobgoblins
  2 jackals (D:1)
  3 quokkas
  4 ball pythons
  10 bats
  10 frilled lizards
  A jackal skeleton (D:4)
  11 kobolds
  6 rats
194 creatures vanquished.

Vanquished Creatures (others)
  2 plants (D:1)
2 creatures vanquished.

Grand Total: 196 creatures vanquished

Notes
Turn   | Place    | Note
-------+----------+-------------------------------------------
     0 | D:1      | Anon1729 the Formicid Fighter began the quest for the Orb.
     0 | D:1      | Reached XP level 1. HP: 18/18 MP: 1/1
   348 | D:1      | Reached XP level 2. HP: 24/24 MP: 2/2
   704 | D:1      | Reached XP level 3. HP: 29/29 MP: 3/3
   849 | D:2      | Reached skill level 4 in Shields
  1115 | D:2      | Noticed Jessica
  1131 | D:2      | Killed Jessica
  1132 | D:2      | Reached XP level 4. HP: 36/37 MP: 4/4
  1248 | D:2      | Found Qefaran's Assorted Antiques.
  1320 | D:2      | Bought a scroll labelled LECRAHOIKI for 27 gold pieces
  1524 | D:2      | Reached XP level 5. HP: 39/42 MP: 5/5
  2532 | D:3      | Reached XP level 6. HP: 22/49 MP: 6/6
  2846 | D:3      | Found a faded altar of an unknown god.
  2921 | D:3      | Became a worshipper of Cheibriados the Contemplative
  2921 | D:3      | Reached * piety under Cheibriados
  3352 | D:4      | Reached skill level 5 in Shields
  3664 | D:4      | Reached ** piety under Cheibriados
  3902 | D:4      | Reached XP level 7. HP: 50/55 MP: 7/7
  3905 | D:4      | Reached skill level 5 in Fighting
  3939 | D:4      | Found a radiant altar of Vehumet.
  3948 | D:4      | Reached skill level 5 in Armour
  3948 | D:4      | Reached skill level 1 in Invocations
  4607 | D:2      | Bought 3 scrolls labelled DOXKOD GOPIMARPH for 81 gold
                  | pieces
  4649 | D:5      | Entered Level 5 of the Dungeon
  5205 | D:5      | Reached skill level 6 in Shields
  5205 | D:5      | Reached XP level 8. HP: 63/63 MP: 9/9
  5801 | D:5      | Identified the ring "Dahen" {Will+ AC+4}
  6091 | D:6      | Reached *** piety under Cheibriados
  6169 | D:6      | Found a runed translucent door.
  6170 | D:6      | Noticed Lanoc's ghost (amateur DDDe)
  6170 | D:6      | Noticed a manticore
  6351 | D:6      | Reached skill level 5 in Axes
  6537 | D:6      | Found a staircase to the Ecumenical Temple.
  6587 | D:6      | Noticed Maggie
  6607 | D:6      | Killed Maggie
  6608 | D:6      | Reached skill level 7 in Shields
  6608 | D:6      | Reached XP level 9. HP: 64/71 MP: 10/12
  6833 | D:6      | Found a snail-covered altar of Cheibriados.
  7029 | D:6      | Found a white marble altar of Elyvilon.
  7272 | D:7      | Noticed Menkaure
  7441 | D:7      | Killed Menkaure
  7442 | D:7      | Reached skill level 5 in Invocations
  7766 | D:7      | Reached **** piety under Cheibriados
  7933 | D:7      | Found a glowing golden altar of the Shining One.
  8083 | D:7      | Reached skill level 8 in Shields
  8112 | D:7      | You fall into a shaft and drop 3 floors!
  8112 | D:10     | Entered Level 10 of the Dungeon
  8220 | D:10     | Found a bloodstained altar of Trog.
  8231 | D:10     | Reached XP level 10. HP: 66/79 MP: 14/14
  8532 | D:10     | Noticed a two-headed ogre
  8539 | D:10     | Killed a two-headed ogre
  9127 | D:10     | Reached skill level 9 in Shields
  9561 | D:10     | Noticed a two-headed ogre
  9570 | D:10     | Slain by a two-headed ogre

Illustrated notes

Levels and vault maps discovered:
D:1:      dpeg_arrival_concentric_ovals, layout_basic, serial_rivers,
          chequers_serial_rivers_micro_e, chequers_serial_rivers_small_3,
          chequers_serial_rivers_micro_a, chequers_serial_rivers_micro_a,
          serial_bayou_lagoon_a
D:2:      minmay_evil_eye, layout_loops_ring, serial_shops, shop,
          kennysheep_generic_room_9, uniq_jessica
D:3:      layout_loops_ring, chequers_ecumenical_altar_grove,
          chequers_decorated_corner, minmay_fractal_squares_5
D:4:      kennysheep_six_static_rooms, layout_gridville, vehumet_crystals
D:5:      layout_gridville, minmay_misc_feat_tower
D:6:      layout_rooms, marbit_many_paths, minmay_temple_entry_slanted,
          ebering_ghost_inner_flame, kennysheep_slug_shrine, uniq_maggie
D:7:      layout_cave_pods, tso_metal_star, uniq_menkaure
D:10:     layout_grid_maze, basic_altar

Skill      XL: |  1  2  3  4  5  6  7  8  9 10 |
---------------+-------------------------------+-----
Shields        | 4 5 6 7 8 9 |  9.1
Fighting       | 4 5 6 7 8 |  8.2
Armour         | 4 5 6 7 8 |  8.2
Axes           | 3 4 5 6 7 |  7.1
Invocations    | 2 4 5 6 |  6.9

Action                   |  1- 3 |  4- 6 |  7- 9 | 10-12 || total
-------------------------+-------+-------+-------+-------++-------
Melee: War axe           |    87 |   236 |   174 |       ||   497
       Battleaxe         |       |       |    14 |       ||    14
       Broad axe         |       |       |   108 |    52 ||   160
 Abil: Dig               |       |       |     4 |       ||     4
Armor: Ring mail         |    28 |    59 |    79 |    20 ||   186
       Scale mail        |     3 |       |       |       ||     3
Dodge: Dodged            |    29 |    77 |   117 |    27 ||   250
Block: Buckler           |    40 |   154 |   230 |    42 ||   466
       Kite shield       |     5 |       |       |       ||     5
       Reflection        |       |     8 |     6 |     1 ||    15

Table legend: (Time is in decaauts)
 A = Elapsed time spent in this place.
 B = Non-inter-level travel time spent in this place.
 C = Inter-level travel time spent in this place.
 D = Time resting spent in this place.
 E = Time spent auto-exploring this place.
 F = Levels seen in this place.
 G = Mean time per level.
                   A        B        C        D        E       F      G
               +--------+--------+--------+--------+--------+-----+--------+
         Total |  11662 |  11271 |    391 |   1052 |   8571 |   8 | 1457.8 |
       Dungeon |  11662 |  11271 |    391 |   1052 |   8571 |   8 | 1457.8 |
               +--------+--------+--------+--------+--------+-----+--------+

Top non-repeatable levels by time:
    D:10: 2063 daAuts
     D:6: 1891 daAuts
     D:4: 1803 daAuts
     D:5: 1566 daAuts
     D:3: 1485 daAuts
     D:2: 1289 daAuts
     D:1: 881 daAuts
     D:7: 681 daAuts
